cohdb
Replays
Latest Replays
All Replays
Popular Replays
Top Player Replays
Match Explorer
How It Works
Community
CoH3 Stats
Reddit
Sign in to upload your games and track your stats! →
Sign in with Steam
Match 42469604
Unlisted
Match 42469604
Overview
Messages
Build Orders
End
Engineer Squad
Construct Weapon Support Center
Selects Heavy Weapons
M1919 Machine Gun Team
Bazooka Squad
M1919 Machine Gun Team
Construct Medical Station
Mechanized Support Center
Construct Tank Depot
Selects M2HB .50cal Heavy Machine Gun
Selects Gallant Stand
M4A1 Sherman Medium Tank
Improvised Armor
Engineer Squad
MacNall
startzj
大聪明
gUi
关注雫るる喵,谢谢喵
Drake
厚礼蟹
Ritch
0
0
Comments
sign in to comment!
No comments posted yet!